Doesnt, neutral female human Priestess -------- |......| ##.......| # |......| ------------ ### |>.....| |..........| # -------- |..........| ##################### |..........| -------####### |..........| |.....|# -|-.--- |...........##############.....@|# |.....| |..........| |...o..## +.....| ------------ |.....|# |...{.| |.....|# ------- -------# ############ Doesnt the Acolyte Experience level: 4 Strength: 12 Dexterity: 7 Constitution: 15 Intelligence: 12 Wisdom: 18 Charisma: 9 Health: 0(29) Energy: 48(48) Def: 6 Gold: 567 Moves: 2259 Dungeon seed: UknuIdhzecOOlsvD Game ID: Doesnt_1500574389 Your Inventory: Coins $ - 567 gold pieces Weapons a - a blessed +1 mace (weapon in hand) Armor e - a +0 robe (being worn) n - a +0 small shield (being worn) r - a +0 orcish helm (being worn) y - a -3 pair of levitation boots z - a +0 pair of iron shoes (being worn) Comestibles c - a clove of garlic d - 3 sprigs of wolfsbane k - 3 food rations I - a slime mold Scrolls l - a scroll of gold detection m - a scroll of light Spellbooks f - a spellbook of light g - a spellbook of remove curse Potions b - 4 potions of holy water j - a potion of enlightenment s - a cursed potion of fruit juice t - a potion of full healing x - a cursed potion of sickness F - a potion of gain ability K - a potion of hallucination Rings p - a ring of hunger w - a +1 ring of increase damage E - a ring of regeneration J - a cursed -2 ring of gain strength Wands o - a wand of cancellation (0:5) Tools h - an oil lamp (0:1294) u - a towel A - 5 wax candles (0:400) G - a blindfold L - a skeleton key M - a tin whistle Gems q - 2 worthless pieces of yellow glass Spells and supernatural/magical abilities: Name Level Category Fail Memory l - light 1 divination 0% 89% r - remove curse 3 clerical 0% 89% W - pray for help -- divine ? -- X - turn undead -- divine ? -- Your skills at the end: Fighting Skills wands [Basic] Weapon Skills mace [Basic] Spellcasting Skills clerical spells [Basic] Final Attributes: You were piously aligned. You are dead. Vanquished creatures: a pony a gnome lord a little dog a dwarf a homunculus a werejackal 2 iguanas an acid blob a coyote a hobbit a large kobold a giant rat a yellow mold a green mold 2 gnomes 3 geckos 5 jackals a fox 2 goblins 2 sewer rats 2 grid bugs 5 lichens 3 newts 40 creatures vanquished. Voluntary challenges: You were an atheist. You used a wielded weapon 54 times, starting on turn 28. You read items or engraved 2 times, starting on turn 366. You never genocided any monsters. You never polymorphed an object. You never changed form. You used no wishes. You never split a pudding. You wrote Elbereth's name 1 time, starting on turn 366. You never violated your personal moral code. Dungeon overview: The Dungeons of Doom: levels 1 to 7 Level 1 a long staircase Level 2 a potion shop, a vault Level 3 a vault stairs to The Gnomish Mines Level 4 some fountains, a sink Level 5 many fountains Level 6 Level 7 <- You were here a fountain The Gnomish Mines: Level 4 stairs to The Dungeons of Doom History has recorded: On T:1 you entered the Dungeons of Doom to retrieve the Amulet of Yendor! On T:311 you reached level 2 of The Dungeons of Doom. On T:326 you advanced to experience level 2. On T:575 you reached level 3 of The Dungeons of Doom. On T:868 you advanced to experience level 3. On T:888 you reached level 1 of The Gnomish Mines. On T:1327 you reached level 4 of The Dungeons of Doom. On T:1448 you advanced to experience level 4. On T:1813 you reached level 5 of The Dungeons of Doom. On T:1984 you reached level 6 of The Dungeons of Doom. On T:2028 you reached level 7 of The Dungeons of Doom. Score breakdown: Gold: 567 ( 9369 points) Experience: 4 levels ( 9649 points) Exploration: 7 levels ( 13.73%) (10392 points) Discoveries: 1 item ( 0.33%) ( 1734 points) Valuables value: (no points given unless you survive) Artifact value: 0 ( 0 points) Variety of kills: 23 monsters ( 6.01%) ( 7351 points) Turncount: 2259 turns ( -180 points) Survival: died (score multiplied by 80%) Total score: 30652 Latest messages: You hear a nearby zap. The sleep ray hits you! The sleep ray bounces! The sleep ray hits you! The hill orc hits! The sleep ray hits you! The hill orc hits! (2x) The sleep ray hits you! The hill orc hits! The sleep ray hits you! You wake up. Never mind. You hit the hill orc! The hill orc hits! You hear a nearby zap. The sleep ray hits you! The hill orc hits! You die... For some reason, you think that you can almost hear the Wizard laugh manically... Final status: Goodbye Doesnt the Priestess, killed by a hill orc, while sleeping... You died in The Dungeons of Doom on dungeon level 7 with 30652 points, and 567 pieces of gold, after 2259 moves. You were level 4 with a maximum of 29 hit points when you died.